Map: Abyssal Reef LE

Players

Namshar - Winner!

  • Race: Zerg Zerg
  • League: Master
  • Spawn Location: 11:00

Jason

  • Race: Terran Terran
  • League: Master
  • Spawn Location: 5:00

VOD

Have the link to the VOD?

Description

Time

  • Played on: May 3, 2017, 8:11 p.m.
  • Length: 18:28
Show
View Real Time Build Order
Export as new Build Order

Namshar Zerg - Winner!

Build Orders: Pool First 

Get SALT Encoding   

  12  0:00  Drone  
  13  0:12  Overlord  
  13  0:17  Drone  
  14  0:31  Drone x2  
  14  0:34  Drone  
  17  0:45  Drone, Extractor  
  17  0:50  Spawning Pool  
  17  0:55  Drone  
  17  1:07  Drone  
  18  1:19  Hatchery  
  18  1:23  Drone  
  18  1:37  Zergling x2  
  19  1:40  Roach Warren  
  19  1:41  Drone  
  19  1:49  Overlord  
  19  1:59  Queen  
  21  2:05  Drone  
  21  2:25  Roach x2  
  25  2:31  Roach  
  25  2:33  Roach  
  25  2:34  Queen  
  31  2:45  Roach x2  
  35  2:53  Overlord  
  35  2:57  Overlord  
  35  3:07  Overlord  
  35  3:14  Ravager  
  35  3:15  Ravager  
  35  3:18  Drone x3  
  40  3:23  Drone  
  40  3:24  Drone  
  40  3:40  Drone  
  40  3:41  Drone x2  
  43  3:51  Drone x3  
  39  4:12  Drone x5  
  39  4:16  Roach x2  
  43  4:20  Drone  
  43  4:22  Overlord x2  
  43  4:23  Drone x3  
  47  4:29  Drone  
  47  4:30  Metabolic Boost  
  48  4:38  Evolution Chamber  
  47  4:41  Evolution Chamber  
  47  4:42  Extractor  
  45  4:48  Hatchery  
  45  4:50  Drone x3  
  45  4:52  Queen  
  49  4:56  Extractor  
  49  4:58  Drone  
  49  4:59  Drone x2  
  51  5:02  Overlord  
  51  5:07  Zerg Ground Armor Level 1  
  51  5:11  Drone x3  
  54  5:25  Drone x3  
  54  5:27  Drone x2  
  54  5:28  Roach x2  
  63  5:30  Roach  
  63  5:32  Roach  
  67  5:35  Overlord  
  67  5:39  Roach  
  67  5:40  Ravager  
  67  5:41  Ravager  
  71  5:43  Overlord  
  71  5:49  Roach  
  73  5:52  Overlord x2  
  73  5:55  Roach  
  75  5:57  Ravager  
  74  6:09  Ravager  
  75  6:11  Queen  
  75  6:15  Roach x3  
  75  6:16  Drone x2  
  75  6:17  Drone  
  86  6:21  Queen  
  88  6:27  Drone, Zerg Melee Weapons Level 1  
  88  6:28  Drone x6  
  92  6:38  Overlord x2  
  92  6:40  Lair  
  87  6:53  Roach  
  87  6:54  Roach x4  
  89  6:57  Roach, Zergling x2  
  89  6:58  Zergling x8  
  94  7:08  Roach x3  
  89  7:16  Roach, Zergling x4  
  89  7:19  Queen  
  95  7:22  Queen  
  95  7:24  Overlord  
  95  7:26  Roach, Zergling x2  
  97  7:39  Drone  
  97  7:40  Extractor, Zerg Ground Armor Level 2  
  97  7:41  Drone  
  97  7:42  Drone x2  
  99  7:45  Extractor  
  99  7:46  Extractor  
  99  7:49  Drone x3  
  100  7:51  Ravager  
  100  7:53  Drone  
  100  7:54  Overlord x2, Drone x2  
  100  7:56  Roach x2, Zergling x2  
  100  7:57  Queen  
  111  8:00  Queen  
  111  8:01  Overlord  
  111  8:03  Roach x2  
  117  8:08  Overlord x2  
  117  8:12  Glial Reconstitution  
  117  8:14  Zergling x2  
  117  8:15  Zergling x2  
  119  8:22  Ravager x2  
  119  8:24  Overlord x2  
  121  8:32  Drone  
  122  8:41  Queen  
  122  8:42  Zerg Melee Weapons Level 2  
  122  8:44  Drone  
  122  8:45  Drone  
  122  8:46  Baneling Nest  
  122  8:47  Zergling x18  
  134  8:49  Infestation Pit  
  134  8:51  Hatchery  
  134  8:52  Burrow  
  132  8:58  Ravager x2, Zergling x10  
  139  9:06  Overlord x3  
  139  9:07  Overlord  
  139  9:15  Zergling x2  
  139  9:16  Zergling x10  
  145  9:20  Ravager x3  
  145  9:21  Ravager  
  146  9:28  Ravager  
  146  9:29  Ravager x2  
  146  9:30  Roach, Zergling x4  
  138  9:42  Drone  
  138  9:43  Drone x7  
  138  9:45  Hive  
  146  9:59  Infestor  
  146  10:00  Infestor  
  146  10:03  Extractor x2  
  146  10:04  Infestor  
  146  10:06  Zergling x10  
  155  10:09  Drone  
  155  10:12  Queen  
  158  10:14  Queen, Hatchery  
  158  10:17  Centrifical Hooks  
  158  10:19  Zergling x14  
  166  10:31  Zergling x2  
  166  10:32  Zergling x6  
  169  10:39  Queen  
  160  10:47  Queen  
  159  10:50  Queen  
  159  10:55  Zergling x30  
  174  11:09  Adrenal Glands, Zerg Melee Weapons Level 3, Zerg Ground Armor Level 3  
  166  11:18  Zergling x4  
  166  11:19  Zergling x20  
  157  11:45  Hatchery  
  157  11:46  Drone x2  
  158  11:47  Drone  
  158  11:48  Drone x4  
  158  11:49  Drone x7  
  158  11:52  Drone  
  169  11:58  Pathogen Glands  
  169  11:59  Drone  
  169  12:00  Spire  
  169  12:01  Overlord  
  169  12:02  Drone  
  169  12:03  Ultralisk Cavern  
  169  12:10  Zergling x16  
  177  12:15  Hatchery  
  176  12:42  Infestor x2  
  180  12:44  Ravager  
  180  12:46  Baneling x17  
  180  12:50  Chitinous Plating  
  180  12:52  Ultralisk  
  180  12:53  Ultralisk  
  184  13:18  Ultralisk x2  
  168  13:32  Roach x3  
  168  13:33  Roach  
  168  13:34  Ultralisk, Zergling x6  
  173  13:46  Zerg Missile Weapons Level 1  
  173  13:48  Ultralisk  
  176  14:05  Ultralisk, Zergling x20  
  163  14:33  Ultralisk x4  
  187  14:40  Infestor x3  
  189  14:49  Drone x2  
  189  14:50  Zergling x2  
  189  14:51  Zergling x14  
  199  15:03  Zergling x2  
  200  15:11  Greater Spire  
  192  15:30  Corruptor x5  
  195  15:42  Drone x20  
  192  16:03  Hatchery  
  191  16:09  Corruptor x4  
  199  16:23  Zerg Flyer Weapons Level 1  
  192  16:51  Ultralisk, Zergling x2  
  192  16:52  Zergling x2  
  173  17:18  Hatchery  
  173  17:21  Ultralisk x4, Zergling x2  
  173  17:22  Zergling x30  
  188  17:27  Corruptor x3  
  172  17:42  Ultralisk, Zergling x18  
  173  17:55  Zergling x2  
  173  17:56  Zergling x20  
  168  18:06  Zergling x4  
Show
View Real Time Build Order
Export as new Build Order

Jason Terran 

Build Orders: Reaper Expand, MMM Bio 

Get SALT Encoding   

  12  0:00  SCV  
  13  0:13  SCV  
  14  0:17  Supply Depot  
  14  0:25  SCV  
  15  0:39  SCV  
  15  0:40  Barracks  
  16  0:45  Refinery  
  16  0:51  SCV  
  17  1:03  SCV  
  18  1:16  SCV  
  19  1:28  Reaper  
  19  1:29  Orbital Command  
  20  1:42  Command Center  
  20  1:53  Barracks  
  20  1:55  SCV  
  21  2:02  Barracks Reactor  
  21  2:05  Supply Depot  
  21  2:08  SCV  
  21  2:15  Refinery  
  22  2:21  SCV  
  23  2:26  Factory  
  23  2:33  SCV  
  24  2:38  Marine x2  
  24  2:41  Barracks Tech Lab  
  26  2:46  SCV  
  27  2:55  Orbital Command  
  27  2:57  Marine x2  
  29  3:03  Marauder  
  29  3:05  Concussive Shells  
  31  3:12  Bunker  
  31  3:15  Widow Mine  
  33  3:20  Marine  
  33  3:22  Marine  
  35  3:29  Marauder  
  36  3:44  Marine x2  
  38  3:52  Orbital Command  
  36  4:03  Marauder  
  33  4:12  SCV  
  33  4:17  Marine x2  
  33  4:18  Factory Reactor  
  33  4:20  Starport  
  35  4:24  SCV  
  35  4:25  Stimpack, Marine  
  35  4:27  SCV  
  38  4:33  Supply Depot  
  38  4:35  Marine x2  
  38  4:36  SCV  
  41  4:39  SCV  
  41  4:45  Marauder  
  44  4:48  SCV  
  44  4:52  SCV  
  45  4:54  Supply Depot  
  45  4:56  Marine  
  45  4:58  Supply Depot  
  45  4:59  Marine  
  47  5:00  SCV  
  47  5:02  Medivac  
  47  5:03  Medivac  
  47  5:04  SCV  
  53  5:07  Supply Depot  
  53  5:10  Marine  
  53  5:11  Factory Tech Lab  
  54  5:15  SCV  
  54  5:17  Supply Depot  
  54  5:18  SCV  
  56  5:21  Marine  
  56  5:22  Refinery  
  56  5:24  Marine  
  56  5:28  SCV  
  59  5:33  Engineering Bay  
  59  5:34  SCV  
  60  5:39  Engineering Bay, Marine x2  
  60  5:42  Marine  
  63  5:45  SCV  
  63  5:48  Medivac  
  66  5:50  SCV  
  66  5:57  Supply Depot, Marine x2  
  67  5:59  SCV  
  67  6:00  Marine  
  67  6:09  SCV  
  66  6:11  Siege Tank  
  66  6:14  Marine  
  66  6:15  SCV, Marine  
  66  6:16  Terran Infantry Weapons Level 1  
  66  6:17  Marine  
  73  6:21  SCV, Terran Infantry Armor Level 1  
  74  6:26  Combat Shields  
  74  6:32  Marine  
  72  6:34  SCV x2  
  73  6:51  Marine  
  73  6:54  Command Center  
  69  6:55  Marine  
  69  6:56  Marine  
  69  6:57  Siege Tank  
  68  7:14  Marauder  
  68  7:17  SCV, Marine  
  68  7:21  SCV  
  71  7:23  Marine  
  71  7:24  Barracks  
  71  7:25  Barracks  
  71  7:26  Barracks  
  72  7:34  Siege Tank  
  72  7:35  Marine x2  
  75  7:38  Medivac  
  75  7:40  SCV, Marine  
  75  7:43  SCV  
  80  7:45  Armory  
  80  7:47  Supply Depot  
  80  7:48  Supply Depot  
  80  7:52  SCV, Marine  
  80  7:53  Marine  
  80  7:55  Refinery  
  80  7:57  SCV  
  84  7:58  Marine  
  85  8:06  Supply Depot  
  85  8:09  Orbital Command  
  85  8:10  Marine  
  85  8:11  Marine  
  87  8:14  SCV  
  87  8:16  Marine  
  87  8:19  Sensor Tower, SCV  
  90  8:24  Marine  
  90  8:25  Bunker  
  91  8:28  Marine  
  91  8:30  Barracks Reactor  
  91  8:32  SCV  
  91  8:34  SCV  
  93  8:36  Terran Infantry Weapons Level 2  
  93  8:37  SCV, Starport Reactor  
  94  8:42  Marine  
  94  8:43  Marine x2  
  94  8:44  SCV  
  94  8:46  SCV, Marine x2  
  101  8:53  Supply Depot x2, Marine  
  102  9:00  Marine x2  
  102  9:01  Marine  
  105  9:03  SCV  
  105  9:04  Marine x2  
  105  9:05  Supply Depot, Siege Tank  
  105  9:08  SCV  
  112  9:11  SCV, Marine  
  112  9:12  Marine  
  112  9:16  Marine  
  116  9:18  Marine  
  117  9:27  Marine x2  
  117  9:30  Medivac x2  
  110  9:39  SCV x2  
  110  9:40  SCV, Marine x2  
  110  9:41  Marauder, Marine x3  
  117  9:47  Command Center  
  117  9:51  SCV  
  117  9:52  Terran Infantry Armor Level 2, SCV x2, Barracks  
  120  9:53  Barracks  
  120  9:55  Marine, Barracks  
  120  9:56  Marine  
  120  9:58  Marine x2  
  124  10:03  Marauder  
  124  10:06  Factory Reactor  
  126  10:09  Marine x3  
  126  10:13  Marine  
  130  10:14  Marine  
  130  10:20  Marine  
  130  10:21  Marine  
  133  10:24  Marauder  
  133  10:25  Supply Depot x2  
  133  10:26  Marine  
  133  10:27  Marine  
  137  10:29  Marine  
  137  10:31  Marine  
  137  10:32  Marine  
  132  10:40  Marine  
  133  10:48  Marine x3  
  133  10:49  Marauder x2, Marine x3  
  142  10:59  Marine  
  142  11:00  Marine x2  
  142  11:01  Medivac x2  
  149  11:08  Marine  
  149  11:09  Terran Infantry Weapons Level 3  
  149  11:11  Marauder x2  
  154  11:16  Sensor Tower  
  154  11:17  Marine  
  155  11:19  Marine x5  
  157  11:32  Marauder x2  
  141  11:34  Marine x2  
  141  11:35  Widow Mine x2  
  141  11:36  Medivac  
  145  11:41  Marine x2  
  145  11:44  Planetary Fortress, Marine x2  
  149  11:49  Missile Turret  
  149  11:50  Marine  
  149  11:53  Marauder  
  152  11:55  Marine  
  152  12:01  Medivac  
  156  12:03  Widow Mine, Marine x4  
  156  12:04  Widow Mine, Marauder, Marine  
  156  12:07  Barracks Tech Lab  
  166  12:09  Ghost Academy  
  166  12:11  Barracks Tech Lab  
  162  12:25  Marine x3  
  162  12:26  Marine x2  
  167  12:32  Command Center  
  165  12:38  Marauder, Marine x3  
  165  12:39  Marauder  
  165  12:41  Marine  
  165  12:43  Terran Infantry Armor Level 3, Marine  
  174  12:47  Medivac  
  174  12:50  Marine x2  
  178  12:57  Marauder  
  180  13:00  Marauder  
  180  13:04  Marine  
  172  13:06  Marine x2  
  172  13:10  Marine x3  
  172  13:11  Marauder  
  177  13:16  Marine x2  
  177  13:18  Marauder  
  156  13:20  Marine  
  156  13:22  Marine  
  156  13:24  Marine x2  
  150  13:28  Marine x3  
  150  13:32  Marauder  
  154  13:34  Medivac x2, Marine  
  154  13:35  Marauder  
  154  13:38  Marine  
  154  13:39  Marine  
  154  13:40  Marine  
  164  13:41  Marine  
  164  13:43  Marine  
  166  13:53  Marauder  
  168  14:02  Widow Mine  
  165  14:04  Medivac x2  
  165  14:05  Marauder x2  
  166  14:13  Marine  
  166  14:14  Marauder, Marine  
  166  14:15  Marine  
  152  14:18  Marine x2  
  152  14:19  Marauder, Marine  
  152  14:21  Marine  
  150  14:26  Marauder, Marine  
  149  14:31  Marine  
  149  14:32  Marine  
  149  14:34  Medivac, Marine  
  149  14:35  Marauder  
  147  14:40  Marauder  
  147  14:44  Marine  
  147  14:45  Marauder, Marine x3  
  148  14:46  Medivac  
  148  14:48  Marauder  
  148  14:49  Marine  
  148  14:50  Planetary Fortress, Marine  
  154  14:54  Starport x2, Marine  
  154  14:57  Marauder  
  157  15:01  Marine  
  157  15:02  Marine x2  
  157  15:03  Marine x2  
  164  15:07  Marauder  
  164  15:09  Marauder  
  164  15:12  Sensor Tower  
  166  15:14  Marine x2  
  166  15:16  Liberator x2  
  166  15:18  Marauder  
  166  15:19  Marauder  
  171  15:23  Marine x2  
  171  15:24  Marine  
  171  15:25  Widow Mine  
  176  15:28  Widow Mine, Marauder  
  176  15:31  Marauder, Marine  
  176  15:32  Marine  
  187  15:38  Marine  
  172  15:44  Marine x2  
  172  15:45  Marauder  
  176  15:52  Orbital Command  
  176  15:57  SCV x2  
  176  16:03  Sensor Tower  
  178  16:09  SCV x2  
  180  16:11  Marine  
  180  16:17  SCV  
  182  16:19  Marine x2  
  182  16:20  Missile Turret, Marauder  
  182  16:21  SCV x2  
  188  16:29  Marine x2  
  188  16:35  Liberator, Supply Depot x2  
  188  16:36  Supply Depot  
  188  16:41  SCV, Marine  
  188  16:43  Marine  
  188  16:44  Marauder  
  178  16:47  Marine x5  
  178  16:48  Marauder x3  
  168  16:56  Refinery x2  
  168  16:58  Refinery x2  
  168  16:59  Marine  
  168  17:00  Marine  
  162  17:05  Marauder, Marine x2  
  113  17:18  Marine  
  113  17:19  Marauder, Marine x3  
  113  17:20  Marauder x2  
  113  17:21  Marine  
  107  17:24  Marine  
  107  17:29  Marine x2  
  86  17:36  Marine  
  84  17:37  Marine x3  
  84  17:39  Marine  
  84  17:40  Marauder  
  84  17:41  Marauder x2  
  84  17:42  Marine  
  89  17:47  Marine x2  
  85  17:54  Marine  
  85  17:55  Marine x3  
  85  17:57  Marine  
  72  18:00  Marine  
  72  18:02  Marauder x2, Marine  
  72  18:04  Marine  
  72  18:05  Marine  
Tags
 
Add a new tag
Caveats
  • Supply blocks, unpowered buildings, or Contaminate may cause inaccurate times.
  • Supply counts are checked every 10 seconds.